 Dungeon Crawl Stone Soup version 0.24.0-125-gc4c63601f3 (webtiles) character file.

Game seed: 3843501719301707068, levelgen mode: deterministic

16720 Amplified the Fighter (level 12, -6/103 HPs)
             Began as a Barachi Artificer on Mar 8, 2020.
             Was a Believer of Qazlal.
             Mangled by an ogre mage
             ... wielding a +0 spear
              (11 damage)
             ... on level 15 of the Dungeon.
             The game lasted 00:28:23 (11721 turns).

Amplified the Fighter (Barachi Artificer)          Turns: 11721, Time: 00:28:23

Health: -6/103     AC: 11    Str: 18    XL:     12   Next: 40%
Magic:  2/19       EV: 17    Int: 19    God:    Qazlal [**....]
Gold:   654        SH: 15    Dex: 19    Spells: 6/11 levels left

rFire    + . .     SeeInvis .   i - +4 short sword (vamp)
rCold    . . .     Gourm    .   D - +0 buckler
rNeg     . . .     Faith    .   t - +3 leather armour {rF+}
rPois    .         Spirit   .   k - +0 helmet {Int+3}
rElec    .         Reflect  +   j - +0 cloak
rCorr    .         Harm     .   (no gloves)
MR       +....                  b - +0 pair of boots
Stlth    ++........             E - +6 amulet of reflection
HPRegen  0.27/turn              l - ring of protection from magic
MPRegen  0.16/turn              (no ring)

@: brilliant, agile, can't hop, slow
A: +LOS, swims, iridescent scales 1, slowness 1, MP-powered wands, strong legs 1
a: Hop, Upheaval, Renounce Religion


You were on level 15 of the Dungeon.
You worshipped Qazlal.
Qazlal was pleased with you.
You were very hungry.

You visited 1 branch of the dungeon, and saw 14 of its levels.

You collected 654 gold pieces.

Inventory:

Hand Weapons
 a - a +0 short sword
 i - a +4 vampiric short sword (weapon)
 q - a +1 morningstar of crushing
 M - a +4 scimitar of freezing
Missiles
 g - 24 poisoned darts (quivered)
Armour
 b - a +0 pair of boots (worn)
 h - a +0 scale mail
 j - a +0 cloak (worn)
 k - a +0 helmet of intelligence (worn)
 s - a +0 shield
 t - a +3 leather armour of fire resistance (worn)
 D - a +0 buckler (worn)
Magical Staves
 H - an uncursed staff of power {unknown}
Jewellery
 l - a ring of protection from magic (left hand)
 n - an uncursed ring of magical power
 y - an uncursed ring of protection from magic
 z - an uncursed ring of protection from cold
 B - an uncursed ring of magical power
 E - a +6 amulet of reflection (around neck)
Wands
 c - a wand of flame (5)
 e - a wand of random effects (9)
 I - a wand of polymorph (8)
Scrolls
 m - 2 scrolls of amnesia
 u - 5 scrolls of remove curse
 w - a scroll of identify
Potions
 o - 3 potions of brilliance
 r - a potion of mutation
 v - 2 potions of flight
Comestibles
 f - 22 rations


   Skills:
 * Level 12.7 Fighting
 * Level 11.8 Short Blades
 - Level 2.1 Dodging
 - Level 0.8 Stealth
 - Level 7.0 Shields
 * Level 9.8 Invocations
 - Level 4.3 Evocations


You had 6 spell levels left.
You knew the following spells:

 Your Spells              Type           Power        Failure   Level  Hunger
a - Animate Skeleton      Necr           N/A          3%          1    ##.....
b - Apportation           Tloc           ##....       3%          1    ##.....
c - Mephitic Cloud        Conj/Pois/Air  ##......     9%          3    ####...

Your spell library contained the following spells:

 Spells                   Type           Power        Failure   Level  Hunger
 Confusing Touch          Hex            ##....       3%          1    ##.....
 Pain                     Necr           ##..         3%          1    ##.....
 Sting                    Conj/Pois      ##..         3%          1    ##.....
 Summon Small Mammal      Summ           ##..         3%          1    ##.....
 Poisonous Vapours        Pois/Air       ##....       4%          2    ###....
 Regeneration             Chrm/Necr      ##........   9%          3    ####...
 Vampiric Draining        Necr           ##........   9%          3    ####...
 Animate Dead             Necr           N/A          24%         4    #####..
 Olgreb's Toxic Radiance  Pois           ##......     24%         4    #####..
 Venom Bolt               Conj/Pois      ##........   50%         5    ######.


Dungeon Overview and Level Annotations

Branches:
Dungeon (15/15)            Temple (0/1) D:7            Lair (0/6) D:10
    Orc: D:9-12      Vaults: D:13-14     Depths: D:15

Altars:
Cheibriados
Dithmenos
Fedhas
Gozag
Kikubaaqudgha
Nemelex Xobeh
Okawaru
Qazlal
Ru
Sif Muna
Trog
Vehumet
Yredelemnul
Zin
The Shining One

Shops:
D:10 =   D:11 (

Annotations:
D:8 2 transporters
D:10 1 runed translucent door
D:13 Erolcha


Innate Abilities, Weirdness & Mutations

Shadows flee at your approach. (+LOS)
You can swim through water.
You cover ground slowly.
You can hop short distances.
You are partially covered in iridescent scales. (AC +2)
You expend magic power (3 MP) to strengthen your wands.


Message History

You puncture the centaur warrior skeleton!
The centaur warrior skeleton is heavily damaged.
Unknown command.
You puncture the centaur warrior skeleton!
The centaur warrior skeleton is severely damaged.
You block the centaur warrior skeleton's attack.
Unknown command.
You hit the centaur warrior skeleton.
The centaur warrior skeleton is severely damaged.
The centaur warrior skeleton hits you but does no damage.
Unknown command.
Your leather armour prevents you from hitting the centaur warrior skeleton.
The centaur warrior skeleton is severely damaged.
You hear an angry buzzing noise. x3
Unknown command.
You hit the centaur warrior skeleton.
The centaur warrior skeleton is severely damaged.
A vampire mosquito comes into view.
The ogre mage hits you from afar with a +0 spear!
You die... #O# ..O8# #.# o.(O.# #.## OoOO.8#

##..
?.....+
#...
.O...8#
#.####
#....#
#.######
#.O.@Z.#
#.####y#
#.# #
#.. ###


You could see an ogre mage, a vampire mosquito and a centaur warrior skeleton.

Vanquished Creatures
  A hydra (D:11)
  3 vault guards (D:14)
  2 two-headed ogres
  An unseen horror (D:14)
  A wolf spider zombie (D:14)
  2 hornets
  A troll (D:7)
  6 slime creatures (D:14)
  3 hippogriffs
  A meliai zombie (D:14)
  A shadow (D:14)
  Sigmund (D:6)
  Eustachio (D:5)
  10 yaks
  3 basilisks (D:10)
  2 vampire mosquitoes (D:14)
  Edmund (D:6)
  3 porcupines (D:10)
  A water moccasin (D:7)
  3 black bears
  6 orc warriors
  2 ice beasts
  2 sky beasts
  2 phantoms
  9 ogres
  3 eyes of draining
  4 centaurs
  2 crocodiles (D:10)
  7 bullfrogs
  3 scorpions
  5 killer bees (D:10)
  5 wights (D:11)
  2 howler monkeys
  2 crimson imps
  3 bullfrog zombies
  4 quasits
  2 bullfrog skeletons (D:6)
  A centaur zombie (D:6)
  5 orc priests
  6 hounds
  2 centaur skeletons (D:6)
  Crazy Yiuf (D:2)
  3 jellies
  13 worker ants
  3 iguanas
  4 orc wizards
  2 killer bee zombies
  Robin (D:2)
  A worker ant zombie (D:6)
  14 adders
  8 gnolls
  4 shadow imps
  An adder skeleton (D:4)
  4 worms
  3 dart slugs (D:1)
  11 leopard geckos
  38 orcs
  3 ball pythons
  6 bats
  3 giant cockroaches
  10 hobgoblins
  11 jackals
  6 kobolds
  5 quokkas
  A frilled lizard (D:4)
  10 goblins
  A jackal zombie (D:6)
  A leopard gecko skeleton (D:5)
  17 rats
  A butterfly (D:7)
310 creatures vanquished.

Vanquished Creatures (collateral kills)
  A gnoll (D:4)
  A howler monkey skeleton (D:6)
2 creatures vanquished.

Vanquished Creatures (others)
  A yak (D:14)
  A hound (D:11)
  A goblin (D:2)
  2 fungi (D:10)
  8 plants (D:10)
  6 toadstools (D:15)
19 creatures vanquished.

Grand Total: 331 creatures vanquished

Notes
Turn   | Place    | Note
-------+----------+-------------------------------------------
     0 | D:1      | Amplified the Barachi Artificer began the quest for the
                  | Orb.
     0 | D:1      | Reached XP level 1. HP: 15/15 MP: 3/3
   393 | D:1      | Reached XP level 2. HP: 20/22 MP: 4/4
   566 | D:1      | Reached skill level 2 in Fighting
   789 | D:1      | Reached XP level 3. HP: 19/27 MP: 5/5
  1270 | D:2      | Learned a level 1 spell: Animate Skeleton
  1272 | D:2      | Learned a level 1 spell: Apportation
  1663 | D:2      | Noticed Robin
  1681 | D:2      | Killed Robin
  1681 | D:2      | Reached XP level 4. HP: 34/34 MP: 5/7
  1752 | D:2      | Reached skill level 3 in Fighting
  1853 | D:2      | Found a runed translucent door.
  1854 | D:2      | Noticed Crazy Yiuf
  2285 | D:2      | Killed Crazy Yiuf
  2455 | D:3      | Found a basalt altar of Yredelemnul.
  2455 | D:3      | Found a stormy altar of Qazlal.
  2455 | D:3      | Found a shimmering blue altar of Sif Muna.
  2509 | D:3      | Found a shadowy altar of Dithmenos.
  2517 | D:3      | Became a worshipper of Qazlal Stormbringer
  2616 | D:3      | Reached XP level 5. HP: 39/41 MP: 8/8
  3097 | D:3      | Found an ancient bone altar of Kikubaaqudgha.
  3124 | D:3      | Reached skill level 1 in Invocations
  3182 | D:3      | Found a glowing silver altar of Zin.
  3187 | D:3      | Found an opulent altar of Gozag.
  3414 | D:3      | Reached * piety under Qazlal
  3491 | D:4      | Gained mutation: You expend magic power (3 MP) to
                  | strengthen your wands. [potion of mutation]
  3491 | D:4      | Gained mutation: You are partially covered in iridescent
                  | scales. (AC +2) [potion of mutation]
  3820 | D:3      | Reached skill level 4 in Fighting
  3820 | D:3      | Reached XP level 6. HP: 33/48 MP: 5/9
  4479 | D:4      | Found a sparkling altar of Nemelex Xobeh.
  4828 | D:5      | Entered Level 5 of the Dungeon
  4921 | D:5      | Reached skill level 5 in Fighting
  4921 | D:5      | Reached XP level 7. HP: 53/56 MP: 6/10
  5075 | D:5      | Found a blossoming altar of Fedhas.
  5085 | D:5      | Noticed Eustachio
  5138 | D:5      | Killed Eustachio
  5138 | D:5      | Reached skill level 5 in Short Blades
  5162 | D:5      | Found a bloodstained altar of Trog.
  5176 | D:5      | Reached skill level 6 in Fighting
  5176 | D:5      | Reached XP level 8. HP: 64/64 MP: 0/11
  5468 | D:6      | Reached ** piety under Qazlal
  5498 | D:6      | Noticed Sigmund
  5518 | D:6      | Noticed Edmund
  5521 | D:6      | Found an iron altar of Okawaru.
  5908 | D:6      | Reached skill level 7 in Fighting
  5938 | D:6      | Killed Edmund
  5984 | D:6      | Reached skill level 5 in Invocations
  6110 | D:6      | Reached XP level 9. HP: 61/73 MP: 12/12
  6172 | D:6      | Killed Sigmund
  6172 | D:6      | Reached skill level 8 in Fighting
  6441 | D:6      | Found a sacrificial altar of Ru.
  6513 | D:7      | Noticed a troll
  6523 | D:7      | Killed a troll
  7343 | D:7      | Reached skill level 9 in Fighting
  7444 | D:7      | Found a staircase to the Ecumenical Temple.
  7632 | D:7      | Found a snail-covered altar of Cheibriados.
  7968 | D:8      | Reached XP level 10. HP: 80/83 MP: 15/15
  7986 | D:8      | Found a transporter.
  8016 | D:8      | Found a transporter.
  8468 | D:8      | Found a radiant altar of Vehumet.
  8541 | D:8      | Reached *** piety under Qazlal
  8579 | D:9      | Reached skill level 1 in Shields
  8949 | D:9      | Reached skill level 10 in Fighting
  9367 | D:10     | Entered Level 10 of the Dungeon
  9367 | D:10     | Found Weguko's Jewellery Shoppe.
  9744 | D:10     | Found a glowing golden altar of the Shining One.
  9744 | D:10     | Noticed an angel
  9745 | D:10     | Found a runed translucent door.
  9800 | D:10     | Reached skill level 10 in Short Blades
  9802 | D:10     | Reached XP level 11. HP: 84/92 MP: 1/17
  9878 | D:10     | Found a staircase to the Lair.
  9960 | D:10     | Got a shadowed robe
  9961 | D:10     | Identified the +2 robe of Mirth {*Slow Str+6} (You found it
                  | on level 10 of the Dungeon)
 10220 | D:11     | Reached skill level 11 in Fighting
 10228 | D:11     | Reached **** piety under Qazlal
 10277 | D:11     | Reached skill level 5 in Shields
 10336 | D:11     | Noticed a four-headed hydra
 10348 | D:11     | Killed a four-headed hydra
 10629 | D:11     | Found Zyram's Antique Weapon Shop.
 10754 | D:11     | You fall into a shaft and drop 2 floors!
 10757 | D:13     | Noticed Erolcha
 10769 | D:14     | Noticed a manticore
 10778 | D:14     | Noticed a cyclops
 10779 | D:14     | Noticed a centaur warrior
 10779 | D:14     | Noticed a vault guard
 10780 | D:14     | Noticed a vault guard
 10780 | D:14     | Noticed a vault guard
 10781 | D:14     | Noticed a vault guard
 10782 | D:14     | Noticed a two-headed ogre
 10800 | D:14     | Killed a two-headed ogre
 10970 | D:14     | Paralysed by a hornet for 1 turns
 10976 | D:14     | Reached skill level 12 in Fighting
 11152 | D:14     | Killed a vault guard
 11152 | D:14     | Reached XP level 12. HP: 102/102 MP: 18/18
 11346 | D:14     | Killed a vault guard
 11358 | D:14     | Noticed a vault guard
 11392 | D:14     | Killed a vault guard
 11400 | D:14     | Noticed a vault guard
 11405 | D:14     | Noticed a vault guard
 11430 | D:15     | Entered Level 15 of the Dungeon
 11656 | D:15     | Noticed an ogre mage
 11656 | D:15     | Noticed a two-headed ogre
 11656 | D:15     | Noticed a two-headed ogre
 11686 | D:15     | Killed a two-headed ogre
 11703 | D:15     | HP: 1/103 [ogre mage/+0 spear (10)]
 11712 | D:15     | Learned a level 3 spell: Mephitic Cloud
 11721 | D:15     | Mangled by an ogre mage

Levels and vault maps discovered:
D:1:      sevenhm_arrival_forest_fort_large_4, layout_loops_ring,
          minmay_rat_gold_closets
D:2:      layout_basic, uniq_crazy_yiuf_cottage, uniq_robin
D:3:      minmay_general_purpose_star, layout_basic,
          grunt_temple_overflow_gold_and_silver,
          nicolae_overflow_quartered_altars, kiku_gazebo_garden_becter,
          minivault_4
D:4:      layout_gridville, nicolae_overflow_crystal_walls, first_ration,
          portal_sewer_entry_b
D:5:      layout_cave_pools, old_standard_altar, trog_eyes_of_draining,
          uniq_eustachio
D:6:      layout_rooms, lemuel_round_altar, nicolae_ru_path_of_blood,
          uniq_edmund, uniq_sigmund
D:7:      wad_pebble_path, layout_basic, lemuel_round_altar,
          minmay_temple_entry_butterflies, grunt_ogre_cave, supply_closet_lemuel
D:8:      gammafunk_steamed_eel, layout_basic, lemuel_crystal_altar
D:9:      layout_basic
D:10:     layout_roguey, minmay_lair_entry_grove, serial_shops, shop,
          st_stairs_7, lemuel_angel_altar
D:11:     layout_cave_pools, serial_shops, shop
D:13:     minmay_ambush_box, layout_cross, gauntlet_entry_generic, uniq_sonja,
          uniq_erolcha, uniq_azrael
D:14:     layout_loops_ring, erik_vaults_2, hex_tiny, minmay_misc_feat_rugged,
          hangedman_tell_no_tales, uniq_kirke
D:15:     grunt_enter_depths_snipers, layout_loops_cross, dk_noncrumbling_4,
          minmay_gold_behind_fungi

Skill      XL: |  1  2  3  4  5  6  7  8  9 10 11 |
---------------+----------------------------------+-----
Fighting       | 2 3 4 5 6 7 9 10 12 | 12.7
Short Blades   | 2 3 4 5 7 8 10 11 | 11.8
Evocations     | 4 |  4.3
Invocations    | 1 2 3 5 6 8 9 |  9.8
Shields        | 4 7 |  7.0
Dodging        | |  2.1
Stealth        | |  0.8

Action                   |  1- 3 |  4- 6 |  7- 9 | 10-12 || total
-------------------------+-------+-------+-------+-------++-------
Melee: Short sword       |   137 |   281 |   443 |   854 ||  1715
       Morningstar       |       |     4 |       |       ||     4
Throw: Dart              |       |     5 |    16 |     3 ||    24
       Throwing net      |       |       |       |     6 ||     6
Invok: Upheaval          |       |       |     3 |    17 ||    20
 Abil: Hop               |       |     2 |     3 |     2 ||     7
Evoke: Wand              |     5 |     8 |    28 |    31 ||    72
  Use: Scroll            |     6 |     2 |     8 |    11 ||    27
       Potion            |       |     4 |     2 |     8 ||    14
 Stab: Sleeping          |     2 |       |       |       ||     2
       Paralysed         |       |       |     1 |    17 ||    18
       Held in net/web   |       |       |       |     8 ||     8
  Eat: Chunk             |     3 |     8 |     2 |     9 ||    22
       Ration            |       |     1 |     3 |     1 ||     5
Armor: Leather armour    |    23 |       |   160 |   125 ||   308
       Scale mail        |    27 |    87 |    24 |       ||   138
       Chain mail        |     2 |       |       |       ||     2
       Skin              |       |       |       |    41 ||    41
Dodge: Dodged            |    89 |   154 |   217 |   183 ||   643
       Deflected         |       |       |       |     1 ||     1
Block: Other             |       |     3 |    43 |     5 ||    51
       Buckler           |       |       |       |   408 ||   408
       Reflection        |       |       |       |    15 ||    15
